TOP OF THE 1ST |
Orem Owlz batting - Pitching for Elizabethton Twins : RHP Andrew Rich
|
Pitching: RHP Andrew Rich
|
|
Batting: SHB Butch Brown
|
0-0: DOUBLE (Line Drive, 7LS, EV 97.5 MPH)
|
Batting: LHB Justin Alexander
|
0-0: Swinging Strike 0-1: Ball 1-1: Ball 2-1: Foul Ball, location: 2F 2-2: Ball 3-2: Base on Balls
|
Batting: LHB Brett Bugge
|
0-0: Ball 1-0: Called Strike 1-1: SINGLE (Groundball, 34D, EV 101.9 MPH) Butch Brown to third Justin Alexander to second
|
Batting: RHB Mike Alm
|
0-0: Foul Ball, location: 2F 0-1: Called Strike 0-2: Foul Ball, location: 2F 0-2: Foul Ball, location: 2F 0-2: Foul Ball, location: 2F 0-2: Hit by Pitch Butch Brown scores Justin Alexander to third Brett Bugge to second
|
Batting: RHB Ryan Pelletier
|
0-0: Called Strike 0-1: Fly out, F9 (Flyball, 9S, EV 88.8 MPH)
|
Pitching: RHP Jon Hice
|
|
Batting: RHB Danny Bjarnson
|
0-0: DOUBLE (Line Drive, 89D, EV 103.8 MPH) Justin Alexander scores Brett Bugge scores Mike Alm to third
|
Batting: RHB J.R. Roberts
|
0-0: Fly out, F8 (Flyball, 8RM, EV 86.9 MPH) Runner from 3rd tags up, SCORES, throw by CF Danny Bjarnson to third
|
Batting: RHB Kinya Nishimura
|
0-0: Ball 1-0: Fly out, F8 (Flyball, 8RM, EV 73.1 MPH)
|
Top of the 1st over - 4 runs, 3 hits, 0 errors, 1 left on base; Orem 4 - Elizabethton 0 |
BOTTOM OF THE 1ST |
Elizabethton Twins batting - Pitching for Orem Owlz : RHP Luis Cabrera
|
Pitching: RHP Luis Cabrera
|
|
Batting: RHB Andrew Nicol
|
0-0: Ball 1-0: Ball 2-0: Ball 3-0: Called Strike 3-1: Base on Balls
|
Batting: SHB Dan Morataya
|
0-0: Ball 1-0: Ball 2-0: Ball 3-0: Base on Balls Andrew Nicol to second
|
Batting: SHB Chris Hull
|
0-0: Called Strike 0-1: Ball 1-1: Called Strike 1-2: Ball 2-2: Fielders Choice at 2nd, 4-6 (Groundball, 4, EV 88.8 MPH) Andrew Nicol to third
|
Batting: RHB Alex Belton
|
0-0: TRIPLE (Flyball, 9LD, EV 102.5 MPH) Andrew Nicol scores Chris Hull scores
|
Batting: LHB Diego Gutierres
|
0-0: Foul Ball, location: 2F 0-1: Hit by Pitch
|
Batting: RHB Nick Phipps
|
0-0: Ball 1-0: Called Strike 1-1: Foul Ball, location: 2F 1-2: SINGLE (Line Drive, 89S, EV 98.1 MPH) Alex Belton scores Diego Gutierres to second Runner from 2nd tries for 3rd, SAFE, throw by RF made to third
|
Batting: RHB Jimmy Mayville
|
0-0: Ball Wild Pitch! Diego Gutierres scores Nick Phipps to second 1-0: Ball Passed Ball! Nick Phipps to third 2-0: Ground out 6-3 (Groundball, 6, EV 84.4 MPH) Nick Phipps scores
|
Batting: SHB Nate Januchowski
|
0-0: Called Strike 0-1: Ground out 6-3 (Groundball, P, EV 83.1 MPH)
|
Bottom of the 1st over - 5 runs, 2 hits, 0 errors, 0 left on base; Orem 4 - Elizabethton 5 |
TOP OF THE 2ND |
Orem Owlz batting - Pitching for Elizabethton Twins : RHP Jon Hice
|
Batting: RHB Jose Ramirez
|
0-0: Ball 1-0: Ball 2-0: Ground out 5-3 (Groundball, 56, EV 83.1 MPH)
|
Batting: SHB Butch Brown
|
0-0: Ball 1-0: Foul Ball, location: 2F 1-1: Foul Ball, location: 2F 1-2: Strikes out swinging
|
Batting: LHB Justin Alexander
|
0-0: Ball 1-0: Called Strike 1-1: Hit by Pitch
|
Batting: LHB Brett Bugge
|
0-0: Called Strike Justin Alexander steals 2nd base 0-1: TRIPLE (Line Drive, 9LD, EV 108.1 MPH) Justin Alexander scores
|
Batting: RHB Mike Alm
|
0-0: Ball 1-0: SINGLE (Flyball, 9LS, EV 100.0 MPH) Brett Bugge scores
|
Batting: RHB Ryan Pelletier
|
0-0: Ball Mike Alm steals 2nd base (no throw) 1-0: TRIPLE (Line Drive, 78XD, EV 106.2 MPH) Mike Alm scores
|
Batting: RHB Danny Bjarnson
|
0-0: Ball 1-0: Ball 2-0: Foul Ball, location: 2F 2-1: Ball 3-1: Base on Balls
|
Batting: RHB J.R. Roberts
|
0-0: Ball 1-0: Ball Danny Bjarnson steals 2nd base 2-0: Foul Ball, location: 2F 2-1: Fly out, F3 (Line Drive, 3, EV 75.6 MPH)
|
Top of the 2nd over - 3 runs, 3 hits, 0 errors, 2 left on base; Orem 7 - Elizabethton 5 |
BOTTOM OF THE 2ND |
Elizabethton Twins batting - Pitching for Orem Owlz : RHP Luis Cabrera
|
Batting: RHB Ryan Hawkins
|
0-0: Ground out 4-3 (Groundball, 4, EV 91.2 MPH)
|
Batting: RHB Andrew Nicol
|
0-0: Called Strike 0-1: Ball 1-1: Foul Ball, location: 2F 1-2: Ball 2-2: Ground out 6-3 (Groundball, 6S, EV 68.8 MPH)
|
Batting: SHB Dan Morataya
|
0-0: Ball 1-0: Fly out, F9 (Line Drive, 9D, EV 92.5 MPH)
|
Bottom of the 2nd over - 0 runs, 0 hits, 0 errors, 0 left on base; Orem 7 - Elizabethton 5 |
TOP OF THE 3RD |
Orem Owlz batting - Pitching for Elizabethton Twins : RHP Jon Hice
|
Batting: RHB Kinya Nishimura
|
0-0: Ball 1-0: Ball 2-0: Called Strike 2-1: Called Strike 2-2: Ground out 6-3 (Groundball, 6, EV 82.5 MPH)
|
Batting: RHB Jose Ramirez
|
0-0: Ball 1-0: Foul Ball, location: 2F 1-1: Ball 2-1: Ball 3-1: Base on Balls
|
Batting: SHB Butch Brown
|
0-0: Ball Jose Ramirez steals 2nd, throwing error, E2 Jose Ramirez to third 1-0: Called Strike 1-1: Ball 2-1: Ball 3-1: Called Strike 3-2: Base on Balls
|
Batting: LHB Justin Alexander
|
0-0: Swinging Strike 0-1: Ball 1-1: Ball 2-1: Ball 3-1: Base on Balls Butch Brown to second
|
Batting: LHB Brett Bugge
|
0-0: Foul Ball, location: 2F 0-1: Foul Ball, location: 2F 0-2: Foul Ball, location: 2F 0-2: Ball 1-2: Fly out, F4 (Popup, 23, EV 86.9 MPH)
|
Batting: RHB Mike Alm
|
0-0: Ball 1-0: Foul Ball, location: 2F 1-1: Ball 2-1: Ball 3-1: Foul Ball, location: 2F 3-2: Fly out, F7 (Flyball, 7D, EV 80.0 MPH)
|
Top of the 3rd over - 0 runs, 0 hits, 1 error, 3 left on base; Orem 7 - Elizabethton 5 |
BOTTOM OF THE 3RD |
Elizabethton Twins batting - Pitching for Orem Owlz : RHP Luis Cabrera
|
Batting: SHB Chris Hull
|
0-0: Ball 1-0: Ball 2-0: Foul Ball, location: 2F 2-1: Swinging Strike 2-2: Ball 3-2: Base on Balls
|
Batting: RHB Alex Belton
|
0-0: Ball 1-0: Foul Ball, location: 2F 1-1: Called Strike 1-2: Foul Ball, location: 2F 1-2: Ball 2-2: Ball 3-2: Foul Ball, location: 2F 3-2: Foul Ball, location: 2F 3-2: Foul Ball, location: 2F 3-2: Fielders Choice at 2nd, 3-6 (Groundball, 3S, EV 89.4 MPH)
|
Batting: LHB Diego Gutierres
|
0-0: Called Strike Alex Belton steals 2nd base 0-1: Ball 1-1: Swinging Strike 1-2: Ground out 4-3 (Groundball, 4, EV 107.5 MPH) Alex Belton to third
|
Batting: RHB Nick Phipps
|
0-0: Foul Ball, location: 2F 0-1: Ball 1-1: Ball 2-1: Foul Ball, location: 2F 2-2: Ball 3-2: Fly out, F3 (Popup, 3SF, EV 85.0 MPH)
|
Bottom of the 3rd over - 0 runs, 0 hits, 0 errors, 1 left on base; Orem 7 - Elizabethton 5 |
TOP OF THE 4TH |
Orem Owlz batting - Pitching for Elizabethton Twins : RHP Jon Hice
|
Pitching: RHP Jorge Corte
|
|
Batting: RHB Ryan Pelletier
|
0-0: SINGLE (Groundball, 6MD, EV 107.5 MPH)
|
Batting: RHB Danny Bjarnson
|
0-0: Foul Ball, location: 2F 0-1: SINGLE (Line Drive, 89S, EV 94.4 MPH) Ryan Pelletier to second Ryan Pelletier to third
|
Batting: RHB J.R. Roberts
|
0-0: Called Strike Danny Bjarnson steals 2nd base 0-1: Foul Ball, location: 2F 0-2: Ball 1-2: SINGLE (Groundball, 56, EV 99.4 MPH) Ryan Pelletier scores Danny Bjarnson to third
|
Batting: RHB Kinya Nishimura
|
0-0: Grounds into double play, 5-4-3 (Groundball, 56S, EV 88.1 MPH) Danny Bjarnson scores
|
Batting: RHB Jose Ramirez
|
0-0: Ground out 6-3 (Groundball, P, EV 78.1 MPH)
|
Top of the 4th over - 2 runs, 3 hits, 0 errors, 0 left on base; Orem 9 - Elizabethton 5 |
BOTTOM OF THE 4TH |
Elizabethton Twins batting - Pitching for Orem Owlz : RHP Luis Cabrera
|
Batting: RHB Jimmy Mayville
|
0-0: Called Strike 0-1: Ball 1-1: Foul Ball, location: 2F 1-2: Strikes out swinging
|
Batting: SHB Nate Januchowski
|
0-0: Swinging Strike 0-1: Ball 1-1: Ball 2-1: Fly out, F7 (Flyball, 7LD, EV 107.5 MPH)
|
Batting: RHB Ryan Hawkins
|
0-0: Ball 1-0: Ball 2-0: Swinging Strike 2-1: Foul Ball, location: 2F 2-2: Strikes out swinging
|
Bottom of the 4th over - 0 runs, 0 hits, 0 errors, 0 left on base; Orem 9 - Elizabethton 5 |
TOP OF THE 5TH |
Orem Owlz batting - Pitching for Elizabethton Twins : RHP Jorge Corte
|
Batting: SHB Butch Brown
|
0-0: Fly out, F3 (Popup, 3S, EV 73.1 MPH)
|
Batting: LHB Justin Alexander
|
0-0: SINGLE (Line Drive, 7S, EV 102.5 MPH)
|
Batting: LHB Brett Bugge
|
0-0: Ball 1-0: Ball 2-0: Called Strike 2-1: Grounds into double play, 5-4-3 (Groundball, 56, EV 86.9 MPH)
|
Top of the 5th over - 0 runs, 1 hit, 0 errors, 0 left on base; Orem 9 - Elizabethton 5 |
BOTTOM OF THE 5TH |
Elizabethton Twins batting - Pitching for Orem Owlz : RHP Luis Cabrera
|
Batting: RHB Andrew Nicol
|
0-0: Ball 1-0: Foul Ball, location: 2F 1-1: Ball 2-1: Called Strike 2-2: Ball 3-2: Base on Balls
|
Pitching: RHP Troy Ingram
|
|
Batting: SHB Dan Morataya
|
0-0: Foul Ball, location: 2F 0-1: Ball Andrew Nicol steals 2nd base 1-1: Ball 2-1: Ball 3-1: Ground out 4-3 (Groundball, 4, EV 81.9 MPH) Andrew Nicol to third
|
Batting: SHB Chris Hull
|
0-0: Ball 1-0: DOUBLE (Groundball, 3L, EV 106.2 MPH) Andrew Nicol scores
|
Batting: RHB Alex Belton
|
0-0: Foul Ball, location: 2F 0-1: Called Strike 0-2: Ball 1-2: Ball 2-2: Ball 3-2: Base on Balls
|
Batting: LHB Diego Gutierres
|
0-0: Ball 1-0: Ball 2-0: Ball 3-0: Base on Balls Chris Hull to third Alex Belton to second
|
Batting: RHB Nick Phipps
|
0-0: Called Strike 0-1: Foul Ball, location: 2F 0-2: Ball 1-2: Foul Ball, location: 2F 1-2: Foul Ball, location: 2F 1-2: Strikes out swinging
|
Pitching: RHP Danny Nava
|
|
Batting: RHB Jimmy Mayville
|
0-0: Called Strike 0-1: Foul Ball, location: 2F 0-2: Strikes out swinging
|
Bottom of the 5th over - 1 run, 1 hit, 0 errors, 3 left on base; Orem 9 - Elizabethton 6 |
TOP OF THE 6TH |
Orem Owlz batting - Pitching for Elizabethton Twins : RHP Jorge Corte
|
Batting: RHB Mike Alm
|
0-0: Called Strike 0-1: Foul Ball, location: 2F 0-2: SINGLE (Line Drive, 34, EV 98.1 MPH)
|
Batting: RHB Ryan Pelletier
|
0-0: Ball 1-0: Ball 2-0: Ball 3-0: Called Strike 3-1: Base on Balls Mike Alm to second
|
Batting: RHB Danny Bjarnson
|
0-0: Foul Ball, location: 2F 0-1: Ball 1-1: Fly out, F8 (Flyball, 8LD, EV 100.6 MPH) Runner from 2nd tags up, SAFE at 3rd with throw by CF
|
Batting: RHB J.R. Roberts
|
0-0: Ball Ryan Pelletier steals 2nd base 1-0: Foul Ball, location: 2F 1-1: Foul Ball, location: 2F 1-2: Ball 2-2: Foul Ball, location: 2F 2-2: Foul Ball, location: 2F 2-2: Ball 3-2: 3-RUN HOME RUN (Line Drive, 7LD, EV 95.6 MPH), Distance : 359 ft
|
Batting: RHB Kinya Nishimura
|
0-0: Ball 1-0: DOUBLE (Flyball, 8LD, EV 97.5 MPH)
|
Batting: RHB Jose Ramirez
|
0-0: Ball 1-0: Called Strike 1-1: Ground out U3 (Groundball, 3, EV 107.5 MPH) Kinya Nishimura to third
|
Batting: SHB Butch Brown
|
0-0: SINGLE (Groundball, 4D, EV 94.4 MPH) Kinya Nishimura scores
|
Batting: LHB Justin Alexander
|
0-0: DOUBLE (Line Drive, 7LS, EV 95.0 MPH) Butch Brown to third Runner from 3rd tries for Home, throw by LF and OUT! 7-6-2
|
Top of the 6th over - 4 runs, 5 hits, 0 errors, 1 left on base; Orem 13 - Elizabethton 6 |
BOTTOM OF THE 6TH |
Elizabethton Twins batting - Pitching for Orem Owlz : RHP Danny Nava
|
Batting: SHB Nate Januchowski
|
0-0: Ball 1-0: Foul Ball, location: 2F 1-1: Ground out 5-3 (Groundball, 56, EV 111.2 MPH)
|
Batting: RHB Ryan Hawkins
|
0-0: Called Strike 0-1: Ground out 5-3 (Groundball, 56, EV 88.8 MPH)
|
Batting: RHB Andrew Nicol
|
0-0: Swinging Strike 0-1: Foul Ball, location: 2F 0-2: Ball 1-2: Ball 2-2: Ball 3-2: Foul Ball, location: 2F 3-2: Base on Balls
|
Batting: SHB Dan Morataya
|
0-0: Ball Andrew Nicol steals 2nd base (no throw) 1-0: Ground out 4-3 (Groundball, 34, EV 85.6 MPH)
|
Bottom of the 6th over - 0 runs, 0 hits, 0 errors, 1 left on base; Orem 13 - Elizabethton 6 |
TOP OF THE 7TH |
Orem Owlz batting - Pitching for Elizabethton Twins : RHP Jorge Corte
|
Batting: LHB Brett Bugge
|
0-0: Fly out, F8 (Line Drive, 8RD, EV 94.4 MPH)
|
Pinch Hitting: RHB Pat Crawley
|
0-0: Ball 1-0: Ball 2-0: Ball 3-0: Base on Balls
|
Pinch Hitting: SHB Winikeneke Keikemamake
|
0-0: Fielders Choice at 2nd, 3-6 (Groundball, 3, EV 81.2 MPH)
|
Pinch Hitting: RHB Malachi Ephron
|
0-0: Ball 1-0: Ball 2-0: Ball 3-0: Called Strike 3-1: Base on Balls Winikeneke Keikemamake to second
|
Batting: RHB J.R. Roberts
|
0-0: Ball 1-0: DOUBLE (Line Drive, 89D, EV 109.4 MPH) Winikeneke Keikemamake scores Malachi Ephron to third
|
Batting: RHB Kinya Nishimura
|
0-0: Ground out 4-3 (Groundball, 6MD, EV 105.6 MPH)
|
Top of the 7th over - 1 run, 1 hit, 0 errors, 2 left on base; Orem 14 - Elizabethton 6 |
BOTTOM OF THE 7TH |
Elizabethton Twins batting - Pitching for Orem Owlz : RHP Danny Nava
|
Now at 2B: Winikeneke Keikemamake
|
|
Now at 3B: Pat Crawley
|
|
Now in RF: Malachi Ephron
|
|
Batting: SHB Chris Hull
|
0-0: Swinging Strike 0-1: Ball 1-1: Swinging Strike 1-2: Strikes out swinging
|
Batting: RHB Alex Belton
|
0-0: Ground out 4-3 (Groundball, 4, EV 88.8 MPH)
|
Batting: LHB Diego Gutierres
|
0-0: Ball 1-0: Ball 2-0: Swinging Strike 2-1: Foul Ball, location: 2F 2-2: Ball 3-2: Ground out 3-1 (Groundball, 34, EV 88.8 MPH)
|
Bottom of the 7th over - 0 runs, 0 hits, 0 errors, 0 left on base; Orem 14 - Elizabethton 6 |
TOP OF THE 8TH |
Orem Owlz batting - Pitching for Elizabethton Twins : RHP Jorge Corte
|
Pinch Hitting: RHB Tristan Lewis
|
0-0: Foul Ball, location: 2F 0-1: Ball 1-1: Ball 2-1: Foul Ball, location: 2F 2-2: Strikes out swinging
|
Batting: SHB Butch Brown
|
0-0: Ball 1-0: Ball 2-0: Ball 3-0: Base on Balls
|
Pitching: RHP Keith Nix
|
|
Batting: LHB Justin Alexander
|
0-0: Fly out, F8 (Flyball, 8RXD, EV 93.8 MPH)
|
Batting: LHB Brett Bugge
|
0-0: Ball 1-0: Ball Wild Pitch! Butch Brown to second 2-0: Ball 3-0: Base on Balls
|
Batting: RHB Pat Crawley
|
0-0: SINGLE (Groundball, P, EV 82.5 MPH) (infield hit) Butch Brown to third Brett Bugge to second
|
Batting: SHB Winikeneke Keikemamake
|
0-0: Fly out, F6 (Popup, 6M, EV 58.8 MPH)
|
Top of the 8th over - 0 runs, 1 hit, 0 errors, 3 left on base; Orem 14 - Elizabethton 6 |
BOTTOM OF THE 8TH |
Elizabethton Twins batting - Pitching for Orem Owlz : RHP Danny Nava
|
Now at SS: Tristan Lewis
|
|
Batting: RHB Nick Phipps
|
0-0: Ball 1-0: Called Strike 1-1: Foul Ball, location: 2F 1-2: Fly out, F9 (Flyball, 9D, EV 94.4 MPH)
|
Batting: RHB Jimmy Mayville
|
0-0: Ground out 6-3 (Groundball, 6, EV 84.4 MPH)
|
Batting: SHB Nate Januchowski
|
0-0: Called Strike 0-1: Ball 1-1: Ground out 2-3 (Groundball, 2L, EV 71.9 MPH)
|
Bottom of the 8th over - 0 runs, 0 hits, 0 errors, 0 left on base; Orem 14 - Elizabethton 6 |
TOP OF THE 9TH |
Orem Owlz batting - Pitching for Elizabethton Twins : RHP Keith Nix
|
Batting: RHB Malachi Ephron
|
0-0: Ball 1-0: Ball 2-0: Called Strike 2-1: Ball 3-1: Foul Ball, location: 2LF, Error on foul ball, E2 3-2: Foul Ball, location: 2F 3-2: Ground out 5-3 (Groundball, 56, EV 86.9 MPH)
|
Batting: RHB J.R. Roberts
|
0-0: Called Strike 0-1: TRIPLE (Line Drive, 9D, EV 106.2 MPH)
|
Batting: RHB Kinya Nishimura
|
0-0: Ball 1-0: Ball 2-0: Foul Ball, location: 2F 2-1: Foul Ball, location: 2F 2-2: Ground out U3 (Groundball, 3, EV 81.9 MPH)
|
Batting: RHB Tristan Lewis
|
0-0: Ball 1-0: Called Strike 1-1: Ball Wild Pitch! J.R. Roberts scores 2-1: Called Strike 2-2: Ball 3-2: Base on Balls
|
Batting: SHB Butch Brown
|
Balk! Tristan Lewis to second 0-0: Ball 1-0: Called Strike 1-1: Ball 2-1: Ball 3-1: Swinging Strike 3-2: Strikes out swinging, 2-3 out at first.
|
Top of the 9th over - 1 run, 1 hit, 1 error, 1 left on base; Orem 15 - Elizabethton 6 |
BOTTOM OF THE 9TH |
Elizabethton Twins batting - Pitching for Orem Owlz : RHP Danny Nava
|
Batting: RHB Ryan Hawkins
|
0-0: Called Strike 0-1: Foul Ball, location: 2F 0-2: Foul Ball, location: 2F 0-2: Ball 1-2: Foul Ball, location: 2F 1-2: DOUBLE (Flyball, 8RXD, EV 106.2 MPH)
|
Batting: RHB Andrew Nicol
|
0-0: Ball 1-0: Ball 2-0: Called Strike 2-1: Ground out 5-3 (Groundball, 56S, EV 76.9 MPH) Ryan Hawkins to third
|
Batting: SHB Dan Morataya
|
0-0: Called Strike 0-1: Foul Ball, location: 2F 0-2: Foul Ball, location: 2F 0-2: Ball 1-2: Ball 2-2: Ball 3-2: Ground out U3 (Groundball, 3, EV 108.8 MPH)
|
Pitching: RHP Owen Prouty
|
|
Batting: SHB Chris Hull
|
0-0: SINGLE (Groundball, P, EV 85.6 MPH) (infield hit) Ryan Hawkins scores
|
Batting: RHB Alex Belton
|
0-0: Called Strike 0-1: Swinging Strike 0-2: Ball 1-2: Ball 2-2: Strikes out swinging
|
Bottom of the 9th over - 1 run, 2 hits, 0 errors, 1 left on base; Orem 15 - Elizabethton 7 |
|